AoeStats
← ᅚᅚᅚᅚ

Arena

509442640Analyzed
3v3 RM · 5d ago on Sep 26, 2026· 54m 59s· 6 players
Game mode
Random Map
Map size
Normal (6 player)
Population
200
Speed
Normal
Resources
Standard
Victory
Conquest
Starting age
Dark Age
Ending age
Imperial Age
RankedLock teamsTeams togetherTeam positionsShared explorationLock speedFull tech treeHidden civsTurbo modeCheats
Victory
Defeat
🇨🇱 Malay · Chile
1310
+16
🇨🇱 Mongols · Chile
1283
+17
🇦🇷 Koreans · Argentina
1256
+18
🇸🇮 Dravidians · Slovenia
1318
-18
🇨🇭 Saracens · Switzerland
1296
-17
🇮🇹 Vikings · Italy
1290
-16
mirangunca
10:11 Feudal Age
12:12 Loom
15:40 Castle Age
15:55 Double-Bit Axe
18:13 Wheelbarrow
31:24 Bow Saw
31:55 Horse Collar
37:38 Heavy Plow
48:52 Imperial Age
46:38 Hand Cart
46:42 Thumb Ring
46:35 Fletching
47:23 Medical Corps
48:03 Bodkin Arrow
48:39 Gold Mining
48:43 Stone Mining
49:02 Padded Archer Armor
49:52 Ballistics
49:40 Husbandry
49:14 Elite Elephant Archer
50:27 Bracer
50:46 Leather Archer Armor
51:04 Conscription
53:11 Ring Archer Armor
53:53 Chemistry
53:21 Masonry
U 99
11:56 Feudal Age
15:48 Castle Age
14:42 Double-Bit Axe
14:52 Horse Collar
15:44 Loom
23:54 Fletching
26:09 Wheelbarrow
26:28 Gold Mining
29:52 Ballistics
35:23 Imperial Age
34:14 Heavy Plow
37:29 Chemistry
37:21 Guard Tower
37:27 Bodkin Arrow
37:21 Elite Mameluke
38:54 Bloodlines
38:44 Husbandry
39:13 Husbandry
39:42 Bracer
42:44 Siege Engineers
bindella
7:01 Loom
10:03 Feudal Age
10:42 Horse Collar
10:50 Double-Bit Axe
11:41 Town Watch
17:21 Castle Age
16:34 Scale Mail Armor
16:44 Forging
17:50 Arson
18:29 Bow Saw
19:05 Man-at-Arms
19:46 Squires
20:05 Long Swordsman
23:48 Chain Mail Armor
27:57 Heavy Plow
28:19 Stone Mining
28:22 Gold Mining
33:53 Imperial Age
31:29 Fletching
31:44 Padded Archer Armor
32:46 Ballistics
32:33 Bodkin Arrow
34:03 Leather Archer Armor
34:06 Masonry
33:36 Treadmill Crane
33:24 Crossbowman
34:55 Bracer
34:16 Arbalester
37:09 Chemistry
36:58 Ring Archer Armor
38:11 Gold Shaft Mining
38:47 Plate Mail Armor
38:53 Iron Casting
39:01 Conscription
39:29 Hoardings
39:29 Elite Varangian Guard
43:22 Blast Furnace
45:41 Scale Barding Armor
45:43 Caravan
46:14 Coinage
48:07 Pikeman
48:52 Chieftains
48:54 Bogsveigar
Pelantaro
11:00 Feudal Age
14:31 Castle Age
12:55 Double-Bit Axe
13:30 Horse Collar
15:23 Loom
23:11 Bow Saw
29:14 Wheelbarrow
32:47 Hand Cart
36:30 Fletching
37:37 Bodkin Arrow
38:17 Bloodlines
38:38 Ballistics
39:40 Gold Mining
41:02 Padded Archer Armor
41:59 Husbandry
42:52 Town Watch
48:40 Thumb Ring
49:18 Leather Archer Armor
53:36 Imperial Age
51:52 Coinage
53:40 Elite Mangudai
54:44 Conscription
54:25 Bracer
54:56 Parthian Tactics
ᅚᅚᅚᅚ
9:55 Feudal Age
9:57 Double-Bit Axe
9:53 Horse Collar
15:55 Castle Age
16:16 Wheelbarrow
16:18 Bow Saw
15:42 Man-at-Arms
18:39 Squires
20:06 Long Swordsman
25:07 Forging
25:18 Loom
26:24 Iron Casting
33:39 Imperial Age
32:30 Two-Handed Swordsman
33:04 Onager
35:48 Crossbowman
38:46 Padded Archer Armor
38:36 Fletching
39:04 Heavy Plow
40:16 Leather Archer Armor
40:43 Conscription
42:04 Bodkin Arrow
42:39 Ballistics
44:25 Elite Skirmisher
45:57 Bodkin Arrow
46:33 Ring Archer Armor
47:07 Bracer
47:14 Gold Mining
48:44 Chemistry
51:24 Husbandry
#1 Clanker Hater
10:40 Feudal Age
15:33 Castle Age
14:11 Double-Bit Axe
15:00 Horse Collar
16:46 Loom
18:24 Wheelbarrow
19:27 Town Watch
24:50 Hand Cart
26:32 Bow Saw
33:10 Imperial Age
31:34 Gold Mining
31:35 Stone Mining
31:46 Fletching
32:48 Crossbowman
33:45 Thumb Ring
34:10 Bodkin Arrow
35:11 Heavy Rocket Cart
36:16 Bracer
37:13 Gold Shaft Mining
37:16 Arbalester
38:23 Ballistics
39:04 Chemistry
39:15 Conscription
41:53 Siege Engineers
41:59 Masonry
43:05 Shinkichon
44:18 Elite Skirmisher
45:08 Eupseong
46:50 Architecture
46:16 Murder Holes
46:02 Treadmill Crane
46:08 Arrowslits
53:28 Town Patrol
Connection lost

Rejoining the realm…

Still unreachable

The connection could not be restored.

Session expired

The server has moved on; the page needs a fresh start.